 Dungeon Crawl Stone Soup version 0.22-a0-283-g1871b15 (webtiles) character file.

322 newphone the Skirmisher (level 6, -2/46 HPs)
             Began as a Halfling Wanderer on Mar 18, 2018.
             Slain by a big kobold
             ... wielding a +0 whip
              (6 damage)
             ... on level 4 of the Dungeon.
             The game lasted 00:07:00 (4068 turns).

newphone the Skirmisher (Halfling Wanderer)         Turns: 4068, Time: 00:07:01

Health: -2/46      AC:  8    Str: 16    XL:     6   Next: 76%
Magic:  6/6        EV: 11    Int: 10    God:
Gold:   112        SH:  0    Dex: 13    Spells: 5/5 levels left

rFire    . . .     SeeInvis .   f - +0 dagger
rCold    . . .     Gourm    .   (shield restricted)
rNeg     . . .     Faith    .   a - +2 scale mail
rPois    .         Spirit   .   (no helmet)
rElec    .         Reflect  .   (no cloak)
rCorr    .         Harm     .   (no gloves)
MR       .....                  (no boots)
Stlth    ..........             (no amulet)
HPRegen  0.15/turn              (no ring)
MPRegen  0.10/turn              (no ring)

@: fainting
A: small, mutation resistance 1
a: no special abilities


You were on level 4 of the Dungeon.
You were fainting.

You visited 1 branch of the dungeon, and saw 4 of its levels.
You also visited: Sewer.

You collected 112 gold pieces.

Inventory:

Hand Weapons
 c - a +0 short sword
 f - a +0 dagger (weapon)
 i - a +0 hunting sling
 j - a +0 blowgun
Missiles
 g - 2 poisoned needles
Armour
 a - a +2 scale mail (worn)
Jewellery
 d - an uncursed ring of see invisible {unknown}
Scrolls
 b - 2 scrolls of teleportation
 h - 2 scrolls of fear {unknown}
 k - a scroll of immolation {unknown}
 m - a scroll of blinking {unknown}
Potions
 e - 4 potions of brilliance
 l - a potion of curing


   Skills:
 + Level 6.1 Fighting
 - Level 4.2 Short Blades
   Level 1.1 Crossbows
 - Level 1.0 Throwing
 - Level 2.1 Armour
 - Level 1.1 Stealth


You had 5 spell levels left.
You didn't know any spells.

Dungeon Overview and Level Annotations

Branches:
Dungeon (4/15)
 Temple: D:4-7

Altars:


Innate Abilities, Weirdness & Mutations

You are small and have problems with some larger weapons.
You are somewhat resistant to further mutation.


Message History

The big kobold hits you with a whip. The big kobold hits you with a whip.
The big kobold hits you but does no damage.
The big kobold hits you with a whip.
* * * LOW HITPOINT WARNING * * *
The big kobold hits you with a whip.
* * * LOW HITPOINT WARNING * * *
The big kobold hits you with a whip.
* * * LOW HITPOINT WARNING * * *
The big kobold hits you with a whip.
* * * LOW HITPOINT WARNING * * *
The big kobold hits you but does no damage.
You can move again.
The big kobold hits you but does no damage.
The big kobold hits you with a whip.
* * * LOW HITPOINT WARNING * * *
Found 6 stones.
There is an escape hatch in the floor here.
The big kobold hits you with a whip.
You die...

#.≈≈.....≈≈..## ###
#.≈≈....≈≈≈..##....#
#.##≈≈.≈≈##.........
#.##≈≈.≈≈##.##......
#...........####....
###....#....## ###
##...#.....#
#.K.#.....+
##@.##....#
#.....##....#
##....##+#### #.....
##(..## #####


You could see a big kobold.

Vanquished Creatures
  2 big kobolds (Sewer)
  A bullfrog skeleton (D:4)
  Natasha (thrice) (D:3)
  2 adders (Sewer)
  A river rat (Sewer)
  4 oozes
  2 worms
  A dart slug (D:2)
  3 goblins
  3 hobgoblins
  2 jackals (D:1)
  5 kobolds
  3 bats
  2 frilled lizards (D:2)
  8 rats
42 creatures vanquished.

Notes
Turn   | Place    | Note
-------+----------+-------------------------------------------
     0 | D:1      | newphone the Halfling Wanderer began the quest for the Orb.
     0 | D:1      | newphone set off with: a +2 scale mail, a scroll of teleportation, a +0 short sword, a ration
     0 | D:1      | Reached XP level 1. HP: 16/16 MP: 1/1
   395 | D:1      | Reached XP level 2. HP: 21/21 MP: 2/2
  1392 | D:2      | HP: 1/21 [worm (9)]
  1636 | D:2      | Reached XP level 3. HP: 23/26 MP: 3/3
  1797 | D:3      | Noticed Natasha
  1831 | D:3      | Killed Natasha
  1831 | D:3      | Reached XP level 4. HP: 12/32 MP: 4/4
  1873 | D:3      | Noticed Natasha
  1958 | D:3      | Killed Natasha
  1958 | D:3      | Reached skill level 4 in Fighting
  2124 | D:3      | Noticed Natasha
  2139 | D:3      | Killed Natasha
  2139 | D:3      | Reached XP level 5. HP: 35/38 MP: 5/5
  2281 | D:4      | HP: 1/38 [hound (3)]
  2605 | D:4      | Found a glowing drain.
  2635 | Sewer    | Entered a sewer
  2682 | Sewer    | Noticed a big kobold
  2725 | Sewer    | Killed a big kobold
  2725 | Sewer    | Reached skill level 5 in Fighting
  2725 | Sewer    | Reached XP level 6. HP: 45/45 MP: 6/6
  3807 | Sewer    | Reached skill level 6 in Fighting
  4008 | Sewer    | Paralysed by fainting for 8 turns
  4053 | D:4      | Paralysed by fainting for 8 turns
  4068 | D:4      | Slain by a big kobold

Vault maps used:
D:1:      tarquinn_simple_flora_water_c, serial_park_tiny_pond
D:3:      lemuel_round_altar, minmay_misc_feat_iff, uniq_natasha
D:4:      lemuel_coloured_pillars_altar, cheibrodos_sewer_entry_sluice,
          minmay_misc_feat_doors
Sewer:    sewer_co_tree

Skill      XL: |  1  2  3  4  5  6 |
---------------+-------------------+-----
Short Blades   | 2 3 4 |  4.2
Fighting       | 4 5 6 |  6.1
Crossbows      | |  1.1
Throwing       | |  1.0
Armour         | |  2.1
Stealth        | |  1.1

Action                   |  1- 3 |  4- 6 || total
-------------------------+-------+-------++-------
Melee: Short sword       |    83 |    96 ||   179
       Dagger            |       |   189 ||   189
 Fire: Blowgun           |       |     6 ||     6
  Use: Scroll            |     2 |     2 ||     4
       Potion            |     1 |     4 ||     5
 Stab: Invisible         |       |     2 ||     2
  Eat: Ration            |     2 |       ||     2
       Chunk             |       |     1 ||     1
Armor: Scale mail        |    23 |   110 ||   133
Dodge: Dodged            |    46 |   135 ||   181

Table legend:
 A = Spawn XP
 B = Non-spawn XP
 C = Spawn XP percentage of total XP
 D = Spawn monster count
 E = Non-spawn monster count
 F = Spawn count percentage of total count
 G = Total turns spent on level
                    A         B        C        D         E        F      G
               +---------+---------+-------+---------+---------+-------+---------
         Total |       0 |     460 |   0.0 |       0 |      42 |   0.0 |  4068
               +---------+---------+-------+---------+---------+-------+---------
           D:1 |       0 |      17 |   0.0 |       0 |      10 |   0.0 |   566
           D:2 |       0 |      12 |   0.0 |       0 |       5 |   0.0 |  1158
           D:3 |       0 |     118 |   0.0 |       0 |       8 |   0.0 |   531
           D:4 |       0 |      46 |   0.0 |       0 |       3 |   0.0 |   408
         Sewer |       0 |     267 |   0.0 |       0 |      16 |   0.0 |  1405
               +---------+---------+-------+---------+---------+-------+---------
